 Dungeon Crawl Stone Soup version 0.24-a0-292-g5c6fb1c (webtiles) character file.

Game seed: 4186773992246453149

25 Zenonira the Shield-Bearer (level 3, -4/29 HPs)
             Began as a Formicid Fighter on May 10, 2019.
             Slain by a sky beast (6 damage)
             ... on level 2 of the Dungeon.
             The game lasted 00:02:37 (915 turns).

Zenonira the Shield-Bearer (Formicid Fighter)        Turns: 915, Time: 00:02:37

Health: -4/29      AC:  6    Str: 20    XL:     3   Next: 20%
Magic:  3/3        EV:  8    Int:  7    God:
Gold:   26         SH:  9    Dex: 11    Spells: 2/2 levels left

rFire    . . .     SeeInvis +   a - +0 quarterstaff
rCold    . . .     Gourm    .   c - +0 shield
rNeg     . . .     Faith    .   b - +0 scale mail
rPois    .         Spirit   .   (helmet unavailable)
rElec    .         Reflect  .   (no cloak)
rCorr    .         Harm     .   (no gloves)
MR       .....                  (no boots)
Stlth    ..........             (no amulet)
HPRegen  0.09/turn              (no ring)
MPRegen  0.08/turn              (no ring)

@: no status effects
A: permanent stasis, dig shafts and tunnels, four strong arms, antennae 3
a: Dig, Shaft Self


You were on level 2 of the Dungeon.
You were not hungry.

You visited 1 branch of the dungeon, and saw 2 of its levels.

You collected 26 gold pieces.

Inventory:

Hand Weapons
 a - a +0 quarterstaff (weapon)
Armour
 b - a +0 scale mail (worn)
 c - a +0 shield (worn)
 i - a +0 large shield
Jewellery
 m - an uncursed amulet of harm {unknown}
Scrolls
 e - a scroll of teleportation {unknown}
 g - a scroll of magic mapping {unknown}
 h - 2 scrolls of remove curse {unknown}
 k - a scroll of identify {unknown}
 l - a scroll of fog {unknown}
Potions
 d - a potion of might
 j - 2 potions of invisibility {unknown}
Comestibles
 f - 2 rations


   Skills:
 - Level 3.2 Fighting
 * Level 3.0 Staves
 - Level 3.2 Armour
 + Level 4.1 Shields


You had 2 spell levels left.
You didn't know any spells.
Your spell library was empty.

Dungeon Overview and Level Annotations

Branches:
Dungeon (2/15)

Altars:


Innate Abilities, Weirdness & Mutations

You cannot be hasted, slowed, berserked, paralysed or teleported.
You can dig through walls and to a lower floor.
Your four strong arms can wield two-handed weapons with a shield.
You have a pair of large antennae on your head. (SInv)


Message History

The sky beast flickers out of sight for a moment.
You block the sky beast's attack.
You hit the sky beast but do no damage. You block the sky beast's attack.
The sky beast completely misses you.
You hit the sky beast but do no damage. The sky beast hits you.
The sky beast shocks you.
You barely miss the sky beast. You block the sky beast's attack.
You miss the sky beast. The sky beast hits you. The sky beast shocks you.
You barely miss the sky beast. The sky beast closely misses you.
You hit the sky beast.
The sky beast is lightly wounded.
You block the sky beast's attack. The sky beast hits you.
The sky beast shocks you.
* * * LOW HITPOINT WARNING * * *
You barely miss the sky beast.
The sky beast is lightly wounded.
The sky beast hits you.
* * * LOW HITPOINT WARNING * * *
The sky beast shocks you.
You die...

###### #..>.#
.....# #....# {
#.... ... ... ..
#Y# #.##.## { #@#
#..... #.# #....#
{ #.# #....# # #.#
#.#..#.#
#.#########.#..#.#
#.............>..#
#############..#.#
...........#
########...#


You could see a sky beast.

Vanquished Creatures
  2 leopard geckos (D:1)
  2 bats (D:1)
  3 goblins (D:1)
  4 hobgoblins (D:1)
  3 kobolds (D:1)
  2 ball pythons (D:1)
  A frilled lizard (D:1)
  6 rats (D:1)
23 creatures vanquished.

Notes
Turn   | Place    | Note
-------+----------+-------------------------------------------
     0 | D:1      | Zenonira the Formicid Fighter began the quest for the Orb.
     0 | D:1      | Reached XP level 1. HP: 18/18 MP: 1/1
   144 | D:1      | Reached XP level 2. HP: 11/24 MP: 2/2
   446 | D:1      | Reached skill level 4 in Shields
   511 | D:1      | Reached XP level 3. HP: 15/29 MP: 3/3
   905 | D:2      | Noticed a sky beast
   915 | D:2      | Slain by a sky beast

Levels and vault maps discovered:
D:1:      co_arrival_random_square_maze, layout_rooms, minmay_tiny_reverse_x
D:2:      layout_basic, led_sif_pool, uniq_jessica

Skill      XL: |  1  2  3 |
---------------+----------+-----
Shields        | 4 |  4.1
Staves         | 3 |  3.0
Fighting       | |  3.2
Armour         | |  3.2

Action                   || total
-------------------------++-------
Melee: Quarterstaff      ||    88
Armor: Scale mail        ||    33
Dodge: Dodged            ||    40
Block: Shield            ||    52

Table legend:
 A = Non-vault XP
 B = Vault XP
 C = Vault XP percentage of total XP
 D = Non-vault monster count
 E = Vault monster count
 F = Vault count percentage of total count
                 A         B        C        D         E       F
            +---------+---------+-------+---------+---------+-------
      Total |      32 |       5 |  13.5 |      21 |       2 |   8.7
            +---------+---------+-------+---------+---------+-------
        D:1 |      32 |       5 |  13.5 |      21 |       2 |   8.7
            +---------+---------+-------+---------+---------+-------
